 Dungeon Crawl Stone Soup version 0.22-a0-274-gf8199ec (webtiles) character file.

19 Amnesiac the Magician (level 2, -1/16 HPs)
             Began as a Deep Elf Wizard on Mar 15, 2018.
             Slain by an ooze (3 damage)
             ... on level 1 of the Dungeon.
             The game lasted 00:00:59 (565 turns).

Amnesiac the Magician (Deep Elf Wizard)              Turns: 565, Time: 00:00:59

Health: -1/16      AC:  2    Str:  4    XL:     2   Next: 55%
Magic:  2/9        EV: 13    Int: 22    God:
Gold:   41         SH:  0    Dex: 13    Spells: 9/10 levels left

rFire    . . .     SeeInvis .   (no weapon)
rCold    . . .     Gourm    .   (no shield)
rNeg     . . .     Faith    .   a - +0 robe
rPois    .         Spirit   .   b - +0 hat
rElec    .         Reflect  .   (no cloak)
rCorr    .         Harm     .   (no gloves)
MR       .....                  (no boots)
Stlth    +.........             h - amulet of inaccuracy (curse)
HPRegen  0.05/turn              f - ring of loudness (curse)
MPRegen  0.11/turn              (no ring)

@: very slightly contaminated
A: no striking features
a: no special abilities


You were on level 1 of the Dungeon.
You were not hungry.

You visited 1 branch of the dungeon, and saw 1 of its levels.

You collected 41 gold pieces.

Inventory:

Missiles
 g - a stone (quivered)
Armour
 a - a +0 robe (worn)
 b - a +0 hat (worn)
Jewellery
 f - a cursed ring of loudness (left hand)
 h - a cursed amulet of inaccuracy (around neck)
 i - an uncursed ring of protection from magic {unknown}
Potions
 e - a potion of curing {!q, unknown}
Comestibles
 c - a chunk of flesh
 d - 4 rations


   Skills:
 * Level 1.6 Fighting
 - Level 2.4 Dodging
 - Level 2.4 Stealth
 - Level 4.5 Spellcasting
 + Level 1.3 Conjurations
   Level 1.1 Summonings
   Level 1.1 Translocations


You had 9 spell levels left.
You knew the following spells:

 Your Spells              Type           Power        Failure   Level  Hunger
a - Magic Dart            Conj           ##..         6%          1    None


Dungeon Overview and Level Annotations

Branches:
Dungeon (1/15)

Altars:


Message History

The magic dart hits the ooze.
The ooze is moderately wounded.
The ooze hits you.
An ooze is nearby!
You hit the ooze but do no damage.
The ooze is moderately wounded.
The ooze hits you.
* * * LOW HITPOINT WARNING * * *
Casting: Magic Dart (safe; 6% risk of failure)
Confirm with . or Enter, or press ? or * to list all spells.
Aiming: Magic Dart (safe; 6% risk of failure)
Press: ? - help, Shift-Dir - straight line, f/p - ooze
Aim: an ooze (moderately wounded)
The magic dart hits the ooze.
The ooze is heavily wounded.
The ooze completely misses you.
An ooze is nearby!
You hit the ooze.
The ooze is heavily wounded.
The ooze completely misses you.
Casting: Magic Dart (safe; 6% risk of failure)
Confirm with . or Enter, or press ? or * to list all spells.
Aiming: Magic Dart (safe; 6% risk of failure)
Press: ? - help, Shift-Dir - straight line, f/p - ooze
Aim: an ooze (heavily wounded)
You miscast Magic Dart.
You are very lightly contaminated with residual magic.
Nothing appears to happen.
The ooze barely misses you.
An ooze is nearby!
You hit the ooze but do no damage.
The ooze is heavily wounded.
The ooze hits you.
* * * LOW HITPOINT WARNING * * *
Casting: Magic Dart (safe; 6% risk of failure)
Confirm with . or Enter, or press ? or * to list all spells.
Aiming: Magic Dart (safe; 6% risk of failure)
Press: ? - help, Shift-Dir - straight line, f/p - ooze
Aim: an ooze (heavily wounded)
The magic dart hits the ooze.
The ooze is severely wounded.
The ooze hits you.
* * * LOW HITPOINT WARNING * * *
An ooze is nearby!
You are too injured to fight recklessly!
Casting: Magic Dart (safe; 6% risk of failure)
Confirm with . or Enter, or press ? or * to list all spells.
Aiming: Magic Dart (safe; 6% risk of failure)
Press: ? - help, Shift-Dir - straight line, f/p - ooze
Aim: an ooze (severely wounded)
The magic dart hits the ooze.
The ooze is almost dead.
The ooze hits you.
* * * LOW HITPOINT WARNING * * *
An ooze is nearby!
You are too injured to fight recklessly!
Casting: Magic Dart (safe; 6% risk of failure)
Confirm with . or Enter, or press ? or * to list all spells.
Aiming: Magic Dart (safe; 6% risk of failure)
Press: ? - help, Shift-Dir - straight line, f/p - ooze
Aim: an ooze (almost dead)
The magic dart hits the ooze.
The ooze is almost dead.
The ooze hits you.
You die...

##.#######♣.♣#♣#♣#♣#
#.# #...........
######.#
#.♣.♣#♣#♣#♣#
.......# #...#
######## ###.# #.#
#.# ######.#######.
#.......@J......
#.#####.###.#### #.#
# ..# # ..## # .##
############.
...<......#.
..........#


You could see an ooze.

Vanquished Creatures
  4 bats (D:1)
  3 hobgoblins (D:1)
  2 kobolds (D:1)
  A frilled lizard (D:1)
  4 goblins (D:1)
  5 rats (D:1)
19 creatures vanquished.

Notes
Turn   | Place    | Note
-------+----------+-------------------------------------------
     0 | D:1      | Amnesiac the Deep Elf Wizard began the quest for the Orb.
     0 | D:1      | Reached XP level 1. HP: 10/10 MP: 7/7
    54 | D:1      | Reached skill level 1 in Fighting
   183 | D:1      | Reached XP level 2. HP: 16/16 MP: 4/9
   565 | D:1      | Slain by an ooze

Vault maps used:
D:1:      lemuel_arrival_funnel, serial_forest, infiniplex_forest_lined_4_way,
          infiniplex_forest_end_1, infiniplex_forest_lined_3,
          infiniplex_forest_straight_1, infiniplex_forest_straight_3,
          infiniplex_forest_end_1, serial_bayou_crossing

Skill      XL: |  1 |
---------------+----+-----
Fighting       | 1 |  1.6
Dodging        | |  2.4
Stealth        | |  2.4
Spellcasting   | |  4.5
Conjurations   | |  1.3
Summonings     | |  1.1
Translocations | |  1.1

Action                   || total
-------------------------++-------
Melee: Unarmed           ||    17
 Cast: Magic Dart        ||    41
  Use: Scroll            ||     1
Armor: Robe              ||     2
Dodge: Dodged            ||    25

Table legend:
 A = Spawn XP
 B = Non-spawn XP
 C = Spawn XP percentage of total XP
 D = Spawn monster count
 E = Non-spawn monster count
 F = Spawn count percentage of total count
 G = Total turns spent on level
                    A         B        C        D         E        F      G
               +---------+---------+-------+---------+---------+-------+---------
         Total |       0 |      28 |   0.0 |       0 |      19 |   0.0 |   565
               +---------+---------+-------+---------+---------+-------+---------
           D:1 |       0 |      28 |   0.0 |       0 |      19 |   0.0 |   565
               +---------+---------+-------+---------+---------+-------+---------
